AoeStats
← joeya4

Arabia

509759972Analyzed
2v2 RM · 4d ago on Sep 27, 2026· 47m 52s· 4 players
Game mode
Random Map
Map size
Medium (4 player)
Population
200
Speed
Normal
Resources
Standard
Victory
Conquest
Starting age
Dark Age
Ending age
Imperial Age
RankedLock teamsTeams togetherTeam positionsShared explorationLock speedFull tech treeHidden civsTurbo modeCheats
Victory
Defeat
🇺🇸 Persians · United States
1413
+17
🇺🇸 Vietnamese · United States
1398
+18
🇺🇸 Khmer · United States
1446
-18
🇺🇸 Varangians · United States
1428
-17
joeya4
5:24 Loom
8:52 Feudal Age
9:52 Double-Bit Axe
9:51 Horse Collar
16:03 Scale Barding Armor
19:03 Scale Mail Armor
20:01 Town Watch
20:52 Wheelbarrow
24:16 Castle Age
22:33 Bloodlines
23:50 Gold Mining
25:07 Chain Barding Armor
25:18 Forging
24:54 Pikeman
28:10 Husbandry
30:21 Bow Saw
31:51 Iron Casting
36:48 Hand Cart
38:49 Town Patrol
41:24 Imperial Age
42:22 Plate Barding Armor
44:14 Blast Furnace
43:00 Cavalier
48:02 Gold Shaft Mining
FixiHartman
6:25 Loom
9:23 Feudal Age
14:52 Fletching
26:33 Castle Age
25:00 Double-Bit Axe
25:17 Horse Collar
26:36 Crossbowman
30:08 Bodkin Arrow
29:55 Pikeman
31:18 Gold Mining
32:44 Ballistics
35:16 Bow Saw
39:55 Imperial Age
39:56 Wheelbarrow
41:06 Bracer
45:00 Arbalester
47:46 Padded Archer Armor
GoonOn
5:19 Loom
9:23 Feudal Age
9:55 Double-Bit Axe
14:56 Bloodlines
20:59 Forging
20:54 Scale Barding Armor
26:05 Horse Collar
29:29 Castle Age
28:08 Scale Mail Armor
28:38 Gold Mining
30:37 Chain Barding Armor
45:19 Wheelbarrow
44:30 Town Watch
48:04 Bow Saw
Big Booty Stuffer
8:47 Feudal Age
8:46 Loom
9:23 Double-Bit Axe
15:45 Scale Barding Armor
19:52 Horse Collar
23:30 Castle Age
22:11 Bloodlines
22:03 Gold Mining
23:01 Forging
23:36 Light Cavalry
25:30 Iron Casting
30:26 Husbandry
31:55 Chain Barding Armor
35:47 Ballistics
38:56 Wheelbarrow
38:07 Town Watch
48:15 Imperial Age
46:22 Tusk Swords
Connection lost

Rejoining the realm…

Still unreachable

The connection could not be restored.

Session expired

The server has moved on; the page needs a fresh start.